[Event "ESTCC-50 2025"]
[Site "Swidnica"]
[Date "2025.04.09"]
[Round "5.1"]
[White "Bischoff, Klaus"]
[Black "Laszewicz, Pawel"]
[Result "1-0"]
[Annotator "ChessBase"]
[ECO "D54"]
[WhiteElo "2425"]
[BlackElo "2011"]
[PlyCount "86"]
[EventDate "2025.04.05"]
[EventType "team-tourn"]
[EventCountry "POL"]
[SourceTitle "playchess.com"]
[Source "ChessBase"]
[SourceQuality "1"]
[WhiteTeam "Germany"]
[BlackTeam "Poland"]
[WhiteTeamCountry "GER"]
[BlackTeamCountry "POL"]
[TimeControl "40/5400+30:1800+30"]

1. d4 e6 2. c4 d5 3. Nc3 Nf6 4. Bg5 Be7 5. e3 O-O 6. Rc1 h6 7. Bh4 b6 8. cxd5 exd5 9. Nf3 Be6 10. Be2 Ne4 11. Bxe7 Qxe7 12. Nxe4 dxe4 13. Nd2 Bd5 14. Bc4 c6 15. Qb3 Rd8 16. O-O Na6 17. f3 exf3 18. Nxf3 Nc7 19. Ne5 Rf8 20. e4 Bxc4 21. Qxc4 c5 22. Ng6 Qxe4 23. Nxf8 Rxf8 24. dxc5 Qe3+ 25. Kh1 Ne6 26. c6 Rc8 27. b4 Rc7 28. b5 h5 29. a4 g5 30. Rcd1 h4 31. h3 Nc5 32. Rde1 Qd2 33. Re5 Kg7 34. Qg4 Ne6 35. Rxe6 fxe6 36. Qxe6 Qd8 37. Qe5+ Kg8 38. Rf5 Rg7 39. Qe6+ Kh7 40. Rf6 Qd1+ 41. Kh2 Qh5 42. Qf5+ Kh8 43. Rf8+ Rg8 1-0

[Event "ESTCC-50 2025"]
[Site "Swidnica"]
[Date "2025.04.09"]
[Round "5.2"]
[White "Machlowski, Slawomir"]
[Black "Holzke, Frank"]
[Result "1/2-1/2"]
[Annotator "ChessBase"]
[ECO "A08"]
[WhiteElo "1963"]
[BlackElo "2412"]
[PlyCount "66"]
[EventDate "2025.04.05"]
[EventType "team-tourn"]
[EventCountry "POL"]
[SourceTitle "playchess.com"]
[Source "ChessBase"]
[SourceQuality "1"]
[WhiteTeam "Czech Republic"]
[BlackTeam "Germany"]
[WhiteTeamCountry "CZE"]
[BlackTeamCountry "GER"]
[TimeControl "40/5400+30:1800+30"]

1. Nf3 d5 2. g3 c5 3. Bg2 Nc6 4. d4 e6 5. O-O cxd4 6. Nxd4 Nge7 7. Nxc6 Nxc6 8. c4 d4 9. e3 Bc5 10. exd4 Bxd4 11. Nc3 O-O 12. Qc2 e5 13. Nd5 Be6 14. Be3 Rc8 15. Qa4 Bxe3 16. Nxe3 Qb6 17. Rab1 Rfd8 18. b4 Rd4 19. Rfc1 h5 20. a3 e4 21. c5 Qd8 22. Rd1 f5 23. Bh3 g6 24. Rxd4 Qxd4 25. Bf1 a6 26. Rd1 Qc3 27. b5 axb5 28. Qxb5 Nd4 29. Qxb7 Qxc5 30. Rb1 Rc7 31. Qb8+ Rc8 32. Qb7 Rc7 33. Qb8+ Rc8 1/2-1/2

[Event "ESTCC-50 2025"]
[Site "Swidnica"]
[Date "2025.04.09"]
[Round "5.3"]
[White "Boensch, Uwe"]
[Black "Kruczynski, Marek"]
[Result "1-0"]
[Annotator "ChessBase"]
[ECO "B06"]
[WhiteElo "2465"]
[BlackElo "1862"]
[PlyCount "81"]
[EventDate "2025.04.05"]
[EventType "team-tourn"]
[EventCountry "POL"]
[SourceTitle "playchess.com"]
[Source "ChessBase"]
[SourceQuality "1"]
[WhiteTeam "Germany"]
[BlackTeam "Poland"]
[WhiteTeamCountry "GER"]
[BlackTeamCountry "POL"]
[TimeControl "40/5400+30:1800+30"]

1. d4 g6 2. e4 Bg7 3. h4 h5 4. Nf3 d6 5. Ng5 Nh6 6. c3 O-O 7. Nd2 c6 8. Be2 e5 9. dxe5 dxe5 10. O-O Qe7 11. a4 f6 12. Ngf3 Be6 13. Bc4 Bxc4 14. Nxc4 Nf7 15. Qb3 b6 16. Rd1 Kh8 17. Be3 Na6 18. a5 b5 19. Qa3 c5 20. Ncd2 Rfd8 21. c4 b4 22. Qa4 Nc7 23. Nb3 Ne6 24. Rd5 Rxd5 25. cxd5 Nd4 26. Bxd4 cxd4 27. Rc1 Bf8 28. Qc6 Rd8 29. Qe6 Re8 30. Qxe7 Bxe7 31. Rc7 Nd6 32. Nfd2 f5 33. f3 Bxh4 34. Rxa7 Bg5 35. a6 Be3+ 36. Kf1 fxe4 37. Rd7 Nb5 38. Nxe4 Rc8 39. Nf6 Rc7 40. Rxc7 Nxc7 41. d6 1-0

[Event "ESTCC-50 2025"]
[Site "Swidnica"]
[Date "2025.04.09"]
[Round "5.4"]
[White "Szydelko, Kazimierz"]
[Black "Kribben, Matthias"]
[Result "1/2-1/2"]
[Annotator "NA"]
[ECO "A52"]
[WhiteElo "1798"]
[BlackElo "2060"]
[PlyCount "106"]
[EventDate "2025.04.05"]
[EventType "team-tourn"]
[EventCountry "POL"]
[SourceTitle "playchess.com"]
[Source "ChessBase"]
[SourceQuality "1"]
[WhiteTeam "Poland"]
[WhiteTeamCountry "POL"]
[TimeControl "40/5400+30:1800+30"]

1. d4 Nf6 2. c4 e5 3. dxe5 Ng4 4. Nf3 Nc6 5. Nc3 Bb4 6. Qc2 Ngxe5 7. a3 Nxf3+ 8. exf3 Qe7+ 9. Be3 Bxc3+ 10. Qxc3 O-O 11. Bd3 d6 12. O-O Ne5 13. Bc2 b6 14. Rfe1 Qh4 15. Bd4 f6 16. Be4 Rb8 17. Bd5+ Kh8 18. Re4 Qh6 19. f4 f5 20. Re3 Qxf4 21. Rxe5 dxe5 22. Bxe5 Qg5 23. Bxc7 Rb7 24. Bxb7 Bxb7 25. f3 h5 26. Rd1 Re8 27. Kf1 Re3 28. Qd4 Qe7 29. Bf4 Re6 30. Qd8+ Kh7 31. Qxe7 Rxe7 32. Kf2 Kg8 33. Rd8+ Kh7 34. b4 Ba6 35. c5 h4 36. Rd2 Bb5 37. cxb6 axb6 38. Bg5 Ra7 39. Bxh4 Rxa3 40. Be7 Bc4 41. Kg3 Rd3 42. Re2 Kg6 43. Rc2 b5 44. Bc5 Ra3 45. Kf4 Ra2 46. Rxa2 Bxa2 47. Bd4 Be6 48. Ke5 Bc4 49. Kf4 Be6 50. h4 Kf7 51. h5 g6 52. h6 Kg8 53. Ke5 Bc4 1/2-1/2

[Event "ESTCC-50 2025"]
[Site "Swidnica"]
[Date "2025.04.09"]
[Round "5.5"]
[White "Lalic, Susan K"]
[Black "Zeidler, Sven P."]
[Result "1/2-1/2"]
[Annotator "ChessBase"]
[ECO "B00"]
[WhiteElo "2227"]
[BlackElo "2143"]
[PlyCount "93"]
[EventDate "2025.04.05"]
[EventType "team-tourn"]
[EventCountry "POL"]
[SourceTitle "playchess.com"]
[Source "ChessBase"]
[SourceQuality "1"]
[WhiteTeam "England"]
[BlackTeam "Wales"]
[WhiteTeamCountry "ENG"]
[BlackTeamCountry "WLS"]
[TimeControl "40/5400+30:1800+30"]

1. e4 Nc6 2. Nf3 d6 3. d4 Nf6 4. Nc3 g6 5. Be3 Bg7 6. Qd2 a6 7. O-O-O O-O 8. h4 Bg4 9. h5 Bxh5 10. Bh6 Bxh6 11. Qxh6 Ng4 12. Qd2 e5 13. d5 Nd4 14. Nxd4 exd4 15. Qxd4 Qg5+ 16. Qd2 Qxd2+ 17. Rxd2 f5 18. exf5 Rae8 19. Bd3 Nf6 20. f3 gxf5 21. Bxf5 Re5 22. g4 Bg6 23. f4 Re7 24. Be6+ Bf7 25. g5 Ne8 26. f5 Bxe6 27. fxe6 c6 28. Rdh2 Rf5 29. g6 h5 30. Rxh5 Rxh5 31. Rxh5 cxd5 32. Nxd5 Rxe6 33. Rh7 Ng7 34. Nf4 Rf6 35. Rxg7+ Kxg7 36. Nh5+ Kxg6 37. Nxf6 Kxf6 38. Kd2 Ke5 39. Kc3 Kd5 40. Kb4 b6 41. a4 Kc6 42. b3 Kd5 43. c4+ Kc6 44. a5 bxa5+ 45. Kxa5 Kc5 46. Kxa6 Kb4 47. Kb6 1/2-1/2

[Event "ESTCC-50 2025"]
[Site "Swidnica"]
[Date "2025.04.09"]
[Round "5.6"]
[White "Fletcher, John"]
[Black "Lauterbach, Ingrid"]
[Result "1-0"]
[Annotator "NA"]
[ECO "A40"]
[WhiteElo "1989"]
[BlackElo "1998"]
[PlyCount "89"]
[EventDate "2025.04.05"]
[EventType "team-tourn"]
[EventCountry "POL"]
[SourceTitle "playchess.com"]
[Source "ChessBase"]
[SourceQuality "1"]
[WhiteTeam "Wales"]
[BlackTeam "England"]
[WhiteTeamCountry "WLS"]
[BlackTeamCountry "ENG"]
[TimeControl "40/5400+30:1800+30"]

1. d4 g6 2. e4 c6 3. Nc3 d6 4. f4 d5 5. Nf3 Bg4 6. exd5 cxd5 7. h3 Bxf3 8. Qxf3 e6 9. Be3 Qa5 10. Bd3 Nc6 11. O-O Bg7 12. Nb5 Qd8 13. f5 Qd7 14. fxe6 fxe6 15. Qf7+ Qxf7 16. Nd6+ Ke7 17. Nxf7 Bxd4 18. Bxd4 Nxd4 19. Nxh8 Nf6 20. Nxg6+ hxg6 21. Bxg6 e5 22. Rae1 e4 23. c3 Nc6 24. c4 Ne5 25. Bf5 Nxc4 26. g4 Rg8 27. Rf2 Ne5 28. Rd1 Nf3+ 29. Kg2 Nh5 30. Rxf3 exf3+ 31. Kxf3 Nf6 32. Re1+ Kd8 33. Rc1 Ne8 34. h4 Nc7 35. g5 Rf8 36. Kg4 Re8 37. h5 Re2 38. Rc2 Re1 39. Rh2 d4 40. h6 Nd5 41. h7 Ne3+ 42. Kf3 Nxf5 43. h8=Q+ Kd7 44. Rh7+ Ne7 45. Qxd4+ 1-0

[Event "ESTCC-50 2025"]
[Site "Swidnica"]
[Date "2025.04.09"]
[Round "5.7"]
[White "Regan, Natasha K"]
[Black "Van Kemenade, Rudy"]
[Result "1-0"]
[Annotator "NA"]
[ECO "A05"]
[WhiteElo "2056"]
[BlackElo "1945"]
[PlyCount "65"]
[EventDate "2025.04.05"]
[EventType "team-tourn"]
[EventCountry "POL"]
[SourceTitle "playchess.com"]
[Source "ChessBase"]
[SourceQuality "1"]
[WhiteTeam "England"]
[BlackTeam "Wales"]
[WhiteTeamCountry "ENG"]
[BlackTeamCountry "WLS"]
[TimeControl "40/5400+30:1800+30"]

1. Nf3 Nf6 2. c4 g6 3. b4 Bg7 4. Bb2 O-O 5. g3 d6 6. Bg2 e5 7. d3 Nc6 8. b5 Ne7 9. c5 Ne8 10. cxd6 cxd6 11. O-O h6 12. a4 f5 13. Qb3+ Kh8 14. Nbd2 g5 15. e4 f4 16. d4 g4 17. Nh4 f3 18. Bh1 exd4 19. Qd3 Nf6 20. Bxd4 d5 21. e5 Nfg8 22. a5 Qe8 23. Rfe1 Bd7 24. Rab1 a6 25. bxa6 bxa6 26. e6 Bb5 27. Bxg7+ Kxg7 28. Qd4+ Kh7 29. Qxg4 Nf6 30. Qd4 Nc6 31. Qb2 Nxa5 32. Qc2+ Kg7 33. Qc7+ 1-0

[Event "ESTCC-50 2025"]
[Site "Swidnica"]
[Date "2025.04.09"]
[Round "5.8"]
[White "Hughes, Anthony"]
[Black "Jackson, Sheila"]
[Result "1/2-1/2"]
[Annotator "NA"]
[ECO "A22"]
[WhiteElo "1911"]
[BlackElo "2031"]
[PlyCount "35"]
[EventDate "2025.04.05"]
[EventType "team-tourn"]
[EventCountry "POL"]
[SourceTitle "playchess.com"]
[Source "ChessBase"]
[SourceQuality "1"]
[WhiteTeam "Wales"]
[BlackTeam "England"]
[WhiteTeamCountry "WLS"]
[BlackTeamCountry "ENG"]
[TimeControl "40/5400+30:1800+30"]

1. c4 e5 2. Nc3 Nf6 3. g3 c6 4. Nf3 e4 5. Nd4 Qb6 6. Nb3 a5 7. d3 a4 8. Nd2 exd3 9. Bg2 Bb4 10. O-O O-O 11. exd3 a3 12. Qc2 Qa5 13. Nce4 Nxe4 14. Nxe4 d5 15. bxa3 Bxa3 16. Bxa3 Qxa3 17. cxd5 cxd5 18. Nc5 1/2-1/2

[Event "ESTCC-50 2025"]
[Site "Swidnica"]
[Date "2025.04.09"]
[Round "5.9"]
[White "Zych, Marek"]
[Black "Buckley, Graeme N"]
[Result "1-0"]
[Annotator "ChessBase"]
[ECO "A04"]
[WhiteElo "1942"]
[BlackElo "2268"]
[PlyCount "99"]
[EventDate "2025.04.05"]
[EventType "team-tourn"]
[EventCountry "POL"]
[SourceTitle "playchess.com"]
[Source "ChessBase"]
[SourceQuality "1"]
[WhiteTeam "Poland"]
[BlackTeam "England"]
[WhiteTeamCountry "POL"]
[BlackTeamCountry "ENG"]
[TimeControl "40/5400+30:1800+30"]

1. Nf3 c5 2. c4 Nc6 3. Nc3 e5 4. g3 g6 5. Bg2 Bg7 6. d3 d6 7. Nd2 Nge7 8. Nf1 Rb8 9. Ne3 O-O 10. a3 a6 11. Rb1 b5 12. cxb5 axb5 13. b4 cxb4 14. axb4 Nd4 15. Ned5 Nxd5 16. Nxd5 Bb7 17. e3 Ne6 18. O-O Kh8 19. Bd2 f5 20. f4 Qd7 21. Qb3 Qf7 22. Rfc1 g5 23. fxg5 Nxg5 24. Rc7 Qh5 25. Qd1 Nh3+ 26. Kf1 Qh6 27. Qe2 f4 28. exf4 Bxd5 29. Bxd5 exf4 30. Kg2 Rbe8 31. Qg4 f3+ 32. Kf1 Qg6 33. Qxg6 hxg6 34. Re1 Rxe1+ 35. Bxe1 Ng5 36. Bd2 Nh7 37. Rf7 Rc8 38. Rxf3 Nf6 39. Be6 Rc2 40. Ke1 Kh7 41. g4 g5 42. Bxg5 Ne8 43. Bf7 Bc3+ 44. Kd1 Rxh2 45. Bxe8 Rg2 46. Bh5 Kg8 47. Rf5 Bxb4 48. Rxb5 Bc3 49. Rd5 Be5 50. Be7 1-0

[Event "ESTCC-50 2025"]
[Site "Swidnica"]
[Date "2025.04.09"]
[Round "5.10"]
[White "Dickenson, Neil F"]
[Black "Stec, Czeslaw"]
[Result "1-0"]
[Annotator "ChessBase"]
[ECO "D00"]
[WhiteElo "2250"]
[BlackElo "1820"]
[PlyCount "47"]
[EventDate "2025.04.05"]
[EventType "team-tourn"]
[EventCountry "POL"]
[SourceTitle "playchess.com"]
[Source "ChessBase"]
[SourceQuality "1"]
[WhiteTeam "England"]
[BlackTeam "Poland"]
[WhiteTeamCountry "ENG"]
[BlackTeamCountry "POL"]
[TimeControl "40/5400+30:1800+30"]

1. d4 d5 2. Bf4 Nf6 3. e3 Bf5 4. c4 c6 5. Nc3 e6 6. Qb3 Qb6 7. c5 Qxb3 8. axb3 Nbd7 9. b4 Nh5 10. b5 Nxf4 11. exf4 f6 12. b4 e5 13. fxe5 fxe5 14. Nf3 Bg4 15. Nxe5 Nxe5 16. dxe5 g5 17. bxc6 bxc6 18. Ra6 Bd7 19. e6 Bxe6 20. Rxc6 Kf7 21. Be2 h5 22. O-O Bg7 23. Nb5 Bd7 24. Rc7 1-0

[Event "ESTCC-50 2025"]
[Site "Swidnica"]
[Date "2025.04.09"]
[Round "5.11"]
[White "Zaremba, Artur"]
[Black "Duncan, Chris R"]
[Result "0-1"]
[Annotator "ChessBase"]
[ECO "B56"]
[WhiteElo "2133"]
[BlackElo "2178"]
[PlyCount "44"]
[EventDate "2025.04.05"]
[EventType "team-tourn"]
[EventCountry "POL"]
[SourceTitle "playchess.com"]
[Source "ChessBase"]
[SourceQuality "1"]
[WhiteTeam "Poland"]
[BlackTeam "England"]
[WhiteTeamCountry "POL"]
[BlackTeamCountry "ENG"]
[TimeControl "40/5400+30:1800+30"]

1. e4 c5 2. Nf3 d6 3. d4 cxd4 4. Nxd4 Nf6 5. Nc3 Bd7 6. Be2 g6 7. Be3 Bg7 8. O-O O-O 9. Qd2 Nc6 10. f4 Rc8 11. Nxc6 Bxc6 12. Bf3 Qc7 13. Rae1 b5 14. a3 a5 15. e5 dxe5 16. fxe5 Qxe5 17. Bb6 Qb8 18. Qf2 b4 19. axb4 axb4 20. Nd1 Bb5 21. Ba7 Qc7 22. Bb6 Qd6 0-1

[Event "ESTCC-50 2025"]
[Site "Swidnica"]
[Date "2025.04.09"]
[Round "5.12"]
[White "Noyce, Robert C"]
[Black "Kilanski, Janusz"]
[Result "1-0"]
[Annotator "NA"]
[ECO "A22"]
[WhiteElo "2065"]
[BlackElo "1670"]
[PlyCount "85"]
[EventDate "2025.04.05"]
[EventType "team-tourn"]
[EventCountry "POL"]
[SourceTitle "playchess.com"]
[Source "ChessBase"]
[SourceQuality "1"]
[WhiteTeam "England"]
[BlackTeam "Poland"]
[WhiteTeamCountry "ENG"]
[BlackTeamCountry "POL"]
[TimeControl "40/5400+30:1800+30"]

1. c4 e5 2. Nc3 Nf6 3. g3 c6 4. Bg2 Bc5 5. e3 Qe7 6. Nge2 d6 7. O-O Bg4 8. h3 Bh5 9. d4 Bb6 10. b4 a6 11. c5 Bc7 12. g4 Bg6 13. f4 h6 14. cxd6 Bxd6 15. dxe5 Bxe5 16. fxe5 Qxe5 17. Qd4 Nbd7 18. Qxe5+ Nxe5 19. Nf4 Bh7 20. e4 Nc4 21. Re1 Nd7 22. Be3 O-O 23. Rad1 Nde5 24. Nd3 Rad8 25. Nxe5 Rxd1 26. Rxd1 Nxe3 27. Rd7 f6 28. Nd3 b6 29. Bf3 Bg6 30. Kf2 Nc4 31. Bd1 Kh8 32. Rc7 Rd8 33. Rxc6 Bf7 34. Be2 Rb8 35. Nd5 a5 36. Rxc4 Rd8 37. bxa5 bxa5 38. Rc5 a4 39. Ra5 Be8 40. Nb6 Bc6 41. Ke3 Re8 42. Bf3 g6 43. Nxa4 1-0

[Event "ESTCC-50 2025"]
[Site "Swidnica"]
[Date "2025.04.09"]
[Round "5.13"]
[White "Adams, Michael"]
[Black "Rogowski, Jaroslaw"]
[Result "1-0"]
[Annotator "TA"]
[ECO "C84"]
[WhiteElo "2661"]
[BlackElo "2050"]
[PlyCount "53"]
[EventDate "2025.04.05"]
[EventType "team-tourn"]
[EventCountry "POL"]
[SourceTitle "playchess.com"]
[Source "ChessBase"]
[SourceQuality "1"]
[WhiteTeam "England"]
[BlackTeam "Poland"]
[WhiteTeamCountry "ENG"]
[BlackTeamCountry "POL"]
[TimeControl "40/5400+30:1800+30"]

1. e4 e5 2. Nf3 Nc6 3. Bb5 a6 4. Ba4 Nf6 5. O-O Be7 6. d3 b5 7. Bb3 d6 8. a4 Bg4 9. c3 O-O 10. Nbd2 {[%emt 0:01:12][%cal Bb1d2,Bd2f1,Bf1g3][%mdl 32] C84: Closed Ruy Lopez: Unusual White 6th moves.} Na5 11. Bc2 c5 12. h3 {[%emt 0:02:01] The position is equal.} Bh5 13. Re1 Re8 14. Nf1 Nc6 (14... b4 $11) 15. Ng3 $14 Bg6 16. Nh4 d5 17. Nhf5 $146 (17. Ngf5 {keeps more tension.} d4 18. Bg5 dxc3 19. bxc3 b4 20. Bb3) (17. axb5 axb5 18. Rxa8 Qxa8 19. Nxg6 hxg6 20. exd5 Nxd5 21. Qf3 Nf6 22. Bg5 Qc8 23. h4 {½-½ Balashov,Y (2407)-Trifonov,P (2213) Vladimir op-A 2008 (6)}) 17... dxe4 18. dxe4 Qxd1 19. Rxd1 ({Resist} 19. Bxd1 Bf8 $14) 19... Bf8 20. Bg5 Nh5 21. Nxh5 Bxh5 22. g4 Bg6 23. Be3 b4 24. Bb3 Na5 25. Bd5 {[%emt 0:00:13] [#] Strongly threatening cxb4. White has more active pieces.} Rac8 (25... Rab8 $16 26. cxb4 cxb4) 26. cxb4 $18 cxb4 27. Rac1 {[%emt 0:02:54] Inhibits Nc4.   Weighted Error Value: White=0.08 (flawless) /Black=0.33  Mistake:       	---       	Black=2      Inaccurate:     	White=2     	Black=3      OK:         	White=9     	Black=3      Best:        	White=1     	Black=1} 1-0

[Event "ESTCC-50 2025"]
[Site "Swidnica"]
[Date "2025.04.09"]
[Round "5.14"]
[White "Ograbek, Grzegorz"]
[Black "Flear, Glenn C"]
[Result "0-1"]
[Annotator "ChessBase"]
[ECO "D47"]
[WhiteElo "2068"]
[BlackElo "2366"]
[PlyCount "98"]
[EventDate "2025.04.05"]
[EventType "team-tourn"]
[EventCountry "POL"]
[SourceTitle "playchess.com"]
[Source "ChessBase"]
[SourceQuality "1"]
[WhiteTeam "Poland"]
[BlackTeam "England"]
[WhiteTeamCountry "POL"]
[BlackTeamCountry "ENG"]
[TimeControl "40/5400+30:1800+30"]

1. d4 d5 2. c4 e6 3. Nc3 Nf6 4. Nf3 c6 5. e3 Nbd7 6. Bd3 dxc4 7. Bxc4 b5 8. Bd3 Bb7 9. O-O a6 10. e4 c5 11. d5 Qc7 12. dxe6 fxe6 13. Bc2 O-O-O 14. Qe2 Bd6 15. Ng5 Nf8 16. f4 h6 17. Nf3 Bxf4 18. Bxf4 Qxf4 19. Rae1 N8d7 20. e5 Bxf3 21. exf6 Qd4+ 22. Qf2 Bb7 23. Be4 Qxf2+ 24. Rxf2 Nxf6 25. Bxb7+ Kxb7 26. Rxe6 Rhe8 27. Rfe2 Rxe6 28. Rxe6 c4 29. a3 Re8 30. Rd6 Re1+ 31. Kf2 Rc1 32. Re6 Rc2+ 33. Re2 Ng4+ 34. Kg3 Rxe2 35. Nxe2 Ne3 36. Nc3 Kc6 37. Kf3 Nd5 38. Nd1 Kc5 39. Ke4 a5 40. g3 a4 41. Nc3 Nf6+ 42. Kf3 b4 43. Nd1 bxa3 44. bxa3 Kd4 45. Ke2 Ne4 46. Nb2 c3 47. Nd3 c2 48. Nc1 Kc3 49. Ke3 Nc5 0-1

[Event "ESTCC-50 2025"]
[Site "Swidnica"]
[Date "2025.04.09"]
[Round "5.15"]
[White "Davies, Nigel R"]
[Black "Czyz, Andrzej"]
[Result "1-0"]
[Annotator "ChessBase"]
[ECO "A14"]
[WhiteElo "2309"]
[BlackElo "1985"]
[PlyCount "95"]
[EventDate "2025.04.05"]
[EventType "team-tourn"]
[EventCountry "POL"]
[SourceTitle "playchess.com"]
[Source "ChessBase"]
[SourceQuality "1"]
[WhiteTeam "England"]
[BlackTeam "Poland"]
[WhiteTeamCountry "ENG"]
[BlackTeamCountry "POL"]
[TimeControl "40/5400+30:1800+30"]

1. Nf3 d5 2. c4 e6 3. g3 Nf6 4. Bg2 Be7 5. O-O O-O 6. b3 c6 7. Bb2 b6 8. Qc2 Bb7 9. d4 Nbd7 10. Nc3 c5 11. cxd5 exd5 12. Rad1 Rc8 13. dxc5 Nxc5 14. Qb1 Nce4 15. Qa1 Qc7 16. Nb5 Qd7 17. Nbd4 Rfd8 18. Ne5 Qe8 19. Bh3 Rc7 20. Nd3 Bc5 21. Rc1 Bc8 22. Bg2 Bd6 23. Rxc7 Bxc7 24. Rc1 Bd6 25. Rc2 Ba6 26. Nf5 Qd7 27. Nxd6 Qxd6 28. Be5 Qe6 29. Nf4 Qf5 30. Bh3 Qg5 31. Bxf6 Nxf6 32. Qd4 h5 33. Qa4 Bb7 34. Qxa7 Ba8 35. Rc8 Rxc8 36. Bxc8 Bc6 37. Qxb6 Be8 38. Qd4 h4 39. a4 hxg3 40. hxg3 Qh6 41. a5 g5 42. Ng2 Qg6 43. Ne3 Qb1+ 44. Kg2 Ne4 45. Bf5 Qc1 46. Bxe4 dxe4 47. Nf5 f6 48. Qxf6 1-0

[Event "ESTCC-50 2025"]
[Site "Swidnica"]
[Date "2025.04.09"]
[Round "5.16"]
[White "Wielosz, Jaroslaw"]
[Black "Dishman, Stephen"]
[Result "0-1"]
[Annotator "ChessBase"]
[ECO "D23"]
[WhiteElo "1939"]
[BlackElo "2279"]
[PlyCount "76"]
[EventDate "2025.04.05"]
[EventType "team-tourn"]
[EventCountry "POL"]
[SourceTitle "playchess.com"]
[Source "ChessBase"]
[SourceQuality "1"]
[WhiteTeam "Poland"]
[BlackTeam "England"]
[WhiteTeamCountry "POL"]
[BlackTeamCountry "ENG"]
[TimeControl "40/5400+30:1800+30"]

1. Nf3 d5 2. d4 Nf6 3. c4 dxc4 4. Qa4+ Nc6 5. Qxc4 Be6 6. Qa4 Bd7 7. Nc3 e5 8. d5 Nb4 9. Qb3 Bf5 10. e4 Nxe4 11. Bb5+ c6 12. dxc6 bxc6 13. Bc4 Nd3+ 14. Kf1 Nd6 15. Bxd3 Bxd3+ 16. Kg1 f6 17. h3 Be7 18. Kh2 Qb8 19. Rd1 Qxb3 20. axb3 Bc2 21. Re1 Bxb3 22. Be3 a5 23. Nd2 Bd5 24. b4 a4 25. Rxa4 Rxa4 26. Nxa4 Kf7 27. Bc5 Ra8 28. Nc3 Nb5 29. Bxe7 Kxe7 30. Nxb5 cxb5 31. f4 Ra2 32. Re2 Ke6 33. fxe5 fxe5 34. Kg3 Rb2 35. Kf2 Rxb4 36. Ke3 Ra4 37. Kd3 Ra3+ 38. Kc2 Rg3 0-1